 Dungeon Crawl Stone Soup version 0.28.0 (webtiles) character file.

Game seed: 5678317218997284932

58 SnakkuSnakku7 the Insei (level 3, 0/24 HPs)
             Began as a Vampire Fire Elementalist on Feb 14, 2022.
             Slain by a gnoll (6 damage)
             ... on level 3 of the Dungeon.
             The game lasted 00:03:54 (2176 turns).

SnakkuSnakku7 the Insei (Vampire Fire Elementalist) Turns: 2176, Time: 00:03:55

Health: 0/24       AC:  3    Str: 12    XL:     3   Next: 75%
Magic:  6/6        EV: 12    Int: 17    God:
Gold:   49         SH:  0    Dex: 14    Spells: 5/6 levels left

rFire   + . .      SeeInvis +   a - +0 double sword "Efuap" {speed, rF+ Str+3 Stlth+}
rCold   . . .      Faith    .   (no shield)
rNeg    . . .      Spirit   .   c - +0 robe
rPois   .          Reflect  .   (no helmet)
rElec   .          Harm     .   (no cloak)
rCorr   .          Rampage  .   j - +0 pair of gloves
Will    .....                   (no boots)
Stlth   +++.......              (no amulet)
HPRegen 0.28/turn               (no ring)
MPRegen 0.10/turn               (no ring)

@: about to teleport, healing quickly
A: alive, fangs 3, see invisible, vampiric 2
a: Exsanguinate


You were on level 3 of the Dungeon.
You visited 1 branch of the dungeon, and saw 3 of its levels.

You collected 154 gold pieces.
You spent 105 gold pieces at shops.

Inventory:

Hand Weapons
 a - the +0 double sword "Efuap" (weapon) {speed, rF+ Str+3 Stlth+}
   (You acquired it on level 2 of the Dungeon)

   Attacks with this weapon are significantly faster.
   Str:       It affects your strength (+3).
   rF:        It protects you from fire.
   Stlth:     It makes you more stealthy.
 b - a +2 dagger of venom
Armour
 c - a +0 robe (worn)
 h - a +0 chain mail
 j - a +0 pair of gloves (worn)
Scrolls
 d - a scroll of magic mapping
 f - a scroll of teleportation
 k - a scroll of fog {unknown}
 m - a scroll of enchant weapon {unknown}
 n - a scroll of torment {unknown}
 o - a scroll of enchant armour {unknown}
Potions
 e - a potion of cancellation {unknown}
 i - a potion of berserk rage {unknown}
 l - a potion of mutation {unknown}


   Skills:
 + Level 1.2 Long Blades
 - Level 2.1 Dodging
 - Level 3.0 Stealth
 - Level 3.4 Unarmed Combat
 - Level 2.0 Spellcasting
 - Level 0.6 Conjurations
 - Level 2.4 Fire Magic


You had 5 spell levels left.
You knew the following spells:

 Your Spells              Type           Power      Damage    Failure   Level
a - Foxfire               Conj/Fire      24%        2x1d5     11%         1

Your spell library contained the following spells:

 Spells                   Type           Power      Damage    Failure   Level
 Scorch                   Fire           18%        2d5       11%         2
 Conjure Flame            Conj/Fire      6%         6-21      30%         3
 Inner Flame              Hex/Fire       5%         N/A       34%         3
 Flame Wave               Conj/Fire      6%         2d5       71%         4


Dungeon Overview and Level Annotations

Branches:
Dungeon (3/15)

Altars:
Yredelemnul
The Shining One

Shops:
D:2 ?


Innate Abilities, Weirdness & Mutations

Your natural rate of healing is accelerated.
You have razor-sharp teeth.
You have supernaturally acute eyesight. (SInv)
You are afflicted with vampirism and can become a bat while bloodless.


Message History

You finish putting on your +0 robe.
Unknown command.
You start resting.
HP restored.
There is a stone staircase leading down here.
You climb downwards.
There is a stone staircase leading up here.
You now have 39 gold pieces (gained 7).
You open the door.
Found a basalt altar of Yredelemnul.
There is an open door here.
You open the door.
Found a glowing golden altar of the Shining One.
There is an open door here.
There is an open door here.
Found a stone staircase leading down.
You now have enough gold to buy a scroll of teleportation on D:2.
You can access your shopping list by pressing '$'.
You now have 49 gold pieces (gained 10).
The gnoll shouts! x2; You hear a bark!
The gnoll hits you with a +0 spear.
You closely miss the gnoll. You hit the gnoll. You punch the gnoll.
The gnoll is moderately wounded.
The gnoll barely misses you.
You closely miss the gnoll.
The gnoll is moderately wounded.
The gnoll hits you with a +0 club!
The gnoll hits you from afar with a +0 spear!
* * * LOW HITPOINT WARNING * * *
You are too injured to fight recklessly!
You are too injured to fight recklessly!
The gnoll barely misses you.
Found 15 bolts.
A giant cockroach comes into view.
Okay, then.
As you read the scroll labelled XAUZAT VUCAAZ, it crumbles to dust.
You feel strangely unstable.
It was a scroll of teleportation.
The gnoll barely misses you. The gnoll hits you with a +0 spear.
You die...

##.# ####..#### ###
#........#
..##.......>#
#######.##........#
#
.(...#.##........#
#.#
#...............#
..
#.#.##.#.########
#.##@.....#.#
#.g.gg#.###g#
#####.#.....#
..####### ####


You could see 3 gnolls.

Vanquished Creatures
  2 adders (D:2)
  2 dart slugs
  An orc (D:3)
  2 ball pythons (D:1)
  3 endoplasms
  A giant cockroach (D:1)
  3 goblins (D:1)
  4 hobgoblins
  4 jackals (D:1)
  2 quokkas
  6 kobolds
  3 rats
33 creatures vanquished.

Vanquished Creatures (others)
  37 foxfires
  2 plants (D:2)
39 creatures vanquished.

Grand Total: 72 creatures vanquished

Notes
Turn   | Place    | Note
-------+----------+-------------------------------------------
     0 | D:1      | SnakkuSnakku7 the Vampire Fire Elementalist began the quest
                  | for the Orb.
     0 | D:1      | Reached XP level 1. HP: 13/13 MP: 3/3
   224 | D:1      | Reached skill level 1 in Unarmed Combat
   350 | D:1      | Reached XP level 2. HP: 19/19 MP: 5/5
  1127 | D:2      | Gained mutation: You are afflicted with vampirism and can
                  | become a bat while bloodless. [Vampire growth]
  1127 | D:2      | Reached XP level 3. HP: 24/24 MP: 2/6
  1188 | D:2      | Found Kotrufus's Magic Scroll Shoppe.
  1192 | D:2      | Bought a scroll of fear for 49 gold pieces
  1192 | D:2      | Bought a scroll of identify for 28 gold pieces
  1192 | D:2      | Identified a scroll of acquirement
  1194 | D:2      | Acquired the +0 double sword "Efuap" {speed, rF+ Str+3
                  | Stlth+}
  1219 | D:2      | Reached skill level 1 in Long Blades
  1483 | D:2      | Found a faded altar of an unknown god.
  1814 | D:2      | Bought a scroll of identify for 28 gold pieces
  2122 | D:3      | Found a basalt altar of Yredelemnul.
  2130 | D:3      | Noticed an angel
  2160 | D:3      | HP: 1/24 [gnoll (10)]
  2176 | D:3      | Slain by a gnoll

Illustrated notes

Levels and vault maps discovered:
D:1:      nicolae_arrival_memento_mori, layout_basic,
          amcnicky_mini_rare_corridor_liquid, minmay_misc_feat_square
D:2:      layout_rooms, ebering_ecumenical_altar_webs, serial_forest,
          infiniplex_forest_clump_small, infiniplex_forest_fountain,
          infiniplex_forest_lined_2, infiniplex_forest_lined_ring,
          infiniplex_forest_end_2, infiniplex_forest_clump_medium,
          infiniplex_forest_zigzag_1, infiniplex_forest_lined_3, serial_shops,
          shop
D:3:      layout_basic, grunt_temple_overflow_holy_war

Skill      XL: |  1  2  3 |
---------------+----------+-----
Unarmed Combat | 1 3 |  3.4
Long Blades    | 1 |  1.2
Dodging        | |  2.1
Stealth        | |  3.0
Spellcasting   | |  2.0
Conjurations   | |  0.6
Fire Magic     | |  2.4

Action                   || total
-------------------------++-------
Melee: Unarmed           ||    98
       Bite              ||    11
       Punch             ||     3
       Double sword      ||    19
 Cast: Foxfire           ||    22
  Use: Scroll            ||     5
 Stab: Sleeping          ||     9
Armor: Robe              ||    13
       Chain mail        ||    13
Dodge: Dodged            ||    74
